AoeStats
← Bad Teddy

Arabia

508542234Analyzed
1v1 RM · 9d ago on Sep 22, 2026· 50m 45s· 2 players
Game mode
Random Map
Map size
Tiny (2 player)
Population
200
Speed
Normal
Resources
Standard
Victory
Conquest
Starting age
Dark Age
Ending age
Imperial Age
RankedLock teamsTeams togetherTeam positionsShared explorationLock speedFull tech treeHidden civsTurbo modeCheats
Victory
Defeat
🇻🇳 Georgians · Vietnam
1169
+17
🇨🇴 Celts · Colombia
1187
-17
Bad Teddy
7:03 Loom
9:26 Feudal Age
9:55 Double-Bit Axe
12:17 Bloodlines
14:32 Fletching
14:35 Horse Collar
17:21 Padded Archer Armor
21:53 Castle Age
21:33 Scale Barding Armor
22:25 Forging
22:52 Bow Saw
23:12 Light Cavalry
23:52 Husbandry
25:28 Wheelbarrow
24:27 Elite Skirmisher
27:49 Bodkin Arrow
29:41 Chain Barding Armor
30:31 Ballistics
31:42 Hand Cart
32:45 Heavy Plow
34:57 Town Watch
39:51 Iron Casting
39:31 Leather Archer Armor
42:50 Stone Mining
42:51 Gold Mining
46:37 Imperial Age
47:18 Bracer
46:40 Hussar
47:49 Cavalier
49:39 Plate Barding Armor
50:11 Chemistry
49:24 Masonry
49:20 Siege Engineers
51:31 Conscription
informessigma
7:08 Loom
9:39 Feudal Age
14:34 Fletching
16:39 Padded Archer Armor
22:57 Castle Age
20:58 Double-Bit Axe
21:34 Horse Collar
23:03 Crossbowman
24:56 Bodkin Arrow
25:16 Leather Archer Armor
30:02 Scale Mail Armor
30:09 Scale Barding Armor
30:14 Forging
35:03 Ballistics
34:32 Pikeman
41:11 Imperial Age
39:56 Chain Barding Armor
40:11 Iron Casting
45:44 Scale Mail Armor
47:02 Murder Holes
47:19 Masonry
49:42 Chain Mail Armor
49:10 Light Cavalry
Connection lost

Rejoining the realm…

Still unreachable

The connection could not be restored.

Session expired

The server has moved on; the page needs a fresh start.